 Dungeon Crawl Stone Soup version 0.31-a0-1074-g0b22e4e0f1 (webtiles) character file.

Game seed: 14527928944729183319

26731 bmb222 the Spear-Bearer (level 13, -17/105 HPs)
             Began as a Minotaur Gladiator on Nov 28, 2023.
             Was a High Priest of the Shining One.
             Demolished by Rupert
             ... wielding a +0 great sword of protection
              (43 damage)
             ... on level 12 of the Dungeon.
             The game lasted 00:29:08 (19105 turns).

bmb222 the Spear-Bearer (Minotaur Gladiator)       Turns: 19105, Time: 00:29:09

Health: -17/105    AC: 23    Str: 22    XL:     13   Next: 0%
Magic:  16/16      EV:  9    Int:  8    God:    the Shining One [*****.]
Gold:   758        SH: 11    Dex: 14    Spells: 12/12 levels left

rFire   + + .        P - +3 spear
rCold   + + .        M - +0 kite shield
rNeg    + + .        f - +4 chain mail
rPois   .            c - +1 hat
rElec   .            I - scarf {rC+ rF+}
rCorr   .            j - +1 pair of gloves of Geluod {Rampage Int+3}
SInv    .            (no boots)
Will    .....        Q - amulet of the acrobat Stlth
                     h - +4 ring of protection
HPRegen 0.37/turn    T - ring of protection from cold
MPRegen 0.15/turn

%: acrobat, rampage
@: glowing
A: horns 2, retaliatory headbutt, talons 1, fire resistance 1, frail 1,
screaming 1
a: Renounce Religion, Divine Shield, Cleansing Flame, Summon Divine Warrior


You were on level 12 of the Dungeon.
You worshipped the Shining One.
The Shining One was extremely pleased with you.
You visited 3 branches of the dungeon, and saw 15 of its levels.

You collected 1229 gold pieces.
You spent 471 gold pieces at shops.

Inventory:

Hand Weapons
 a - a +0 trident
 P - a +3 spear (weapon)
Missiles
 d - 6 throwing nets (quivered)
 e - a javelin
 R - 12 boomerangs
Armour
 b - a +0 leather armour
 c - a +1 hat (worn)
 f - a +4 chain mail (worn)
 j - the +1 pair of gloves of Geluod (worn) {Rampage Int+3}
   (You bought it in a shop on level 2 of the Orcish Mines)

   Int+3:     It affects your intelligence (+3).
   Rampage:   It bestows one free step when moving towards enemies.
 l - a +0 ring mail
 q - a +0 chain mail
 D - a +0 pair of gloves
 I - a scarf of resistance (worn)
 M - a +0 kite shield (worn)
Jewellery
 h - a +4 ring of protection (left hand)
 n - a +5 ring of evasion
 t - a ring of fire
 F - an amulet of faith
 Q - an amulet of the acrobat (around neck)
 T - a ring of protection from cold (right hand)
Talismans
 y - a maw talisman
 H - a beast talisman
Wands
 x - a wand of charming (8)
 A - a wand of light (4)
 B - a wand of mindburst (7)
 O - a wand of roots (14)
Scrolls
 g - a scroll of vulnerability
 k - 2 scrolls of amnesia
 m - 3 scrolls of noise
 p - 2 scrolls of fear
 s - a scroll of enchant armour
 u - a scroll of immolation
 v - a scroll of identify
 L - a scroll of torment
 N - a scroll of silence
Potions
 i - 2 potions of degeneration
 r - a potion of curing
 w - 3 potions of brilliance
 z - a potion of cancellation
 E - 3 potions of lignification
 G - a potion of attraction
 J - a potion of enlightenment


   Skills:
 * Level 11.9 Fighting
 - Level 6.6(11.4) Axes
 * Level 14.3(14.9) Polearms
 + Level 2.0 Throwing
 * Level 11.1 Armour
 - Level 3.9 Dodging
 - Level 10.5 Shields
 * Level 5.9 Invocations
 * Level 4.8 Evocations


You had 12 spell levels left.
You didn't know any spells.
Your spell library contained the following spells:

 Spells                   Type           Power      Damage    Failure   Level
 Ensorcelled Hibernation  Hex/Ice        0%         N/A       99%         2
 Jinxbite                 Hex            0%         N/A       99%         2
 Static Discharge         Conj/Air       0%         3-3/arc   99%         2
 Gell's Gravitas          Tloc           0%         N/A       100%        3
 Teleport Other           Tloc           0%         N/A       100%        3
 Airstrike                Air            0%         2d(0-16)  100%        4
 Anguish                  Hex/Necr       0%         N/A       100%        4
 Summon Lightning Spire   Summ/Air       0%         N/A       100%        4
 Iskenderun's Battlesphe  Conj           0%         2d6       100%        5
 Bombard                  Conj/Erth      0%         9d1       100%        6
 Dispersal                Tloc           0%         N/A       100%        6
 Spellforged Servitor     Conj/Summ      0%         N/A       100%        7


Dungeon Overview and Level Annotations

Branches:
Dungeon (12/15)            Temple (0/1) D:7            Lair (1/5) D:9
    Orc (2/2) D:9             Elf (0/3) Orc:2

Altars:
Ashenzari
Elyvilon
Makhleb
Nemelex Xobeh
Trog
Xom
The Shining One

Shops:
D:2 :   Orc:2 *=!*!

Portals:
Trove: D:10 (give 18 potions of curing)

Annotations:
D:12 Rupert


Innate Abilities, Weirdness & Mutations

You have a pair of horns on your head.
You reflexively headbutt those who attack you in melee.
You have sharp toenails.
Your flesh is heat resistant. (rF+)
You are frail. (-10% HP)
You occasionally shout uncontrollably at your foes.


Message History

Rupert is lightly wounded.
Rupert hits you with a +0 great sword of protection.
You hit Rupert but do no damage. You claw Rupert, but do no damage.
Rupert is lightly wounded.
Rupert closely misses you.
You puncture Rupert! You claw Rupert, but do no damage. You headbutt Rupert!
Rupert is lightly wounded.
You block Rupert's attack.
You hit Rupert but do no damage. You claw Rupert, but do no damage.
Rupert is lightly wounded.
Rupert barely misses you.
You hit Rupert but do no damage. You claw Rupert.
Rupert is lightly wounded.
Rupert hits you with a +0 great sword of protection.
You hit Rupert. You claw Rupert, but do no damage.
Rupert is moderately wounded.
You hit Rupert but do no damage. You claw Rupert. You headbutt Rupert.
Rupert is moderately wounded.
Rupert hits you with a +0 great sword of protection!!
You hit Rupert. You claw Rupert, but do no damage. You headbutt Rupert.
Rupert is moderately wounded.
Rupert barely misses you. You furiously retaliate!
You headbutt Rupert. You hit Rupert but do no damage. You claw Rupert.
You headbutt Rupert, but do no damage.
Rupert is moderately wounded.
Rupert hits you with a +0 great sword of protection!!
* * * LOW HITPOINT WARNING * * *
You hit Rupert. You claw Rupert. You headbutt Rupert.
Rupert is moderately wounded.
Rupert hits you but does no damage.
Unknown command.
Aiming: Bolt of Light
Press: ? - help, Shift-Dir - straight line, f/p - Rupert
Aim: Rupert, wielding a +0 great sword of protection and wearing a +2 ring mail of fire resistance (moderately wounded, berserk, haloed, 84% to hit)
The bolt of light hits Rupert!
Rupert is heavily wounded.
Rupert is blinded.
Rupert hits you with a +0 great sword of protection!!!
You die...
Rupert roars with triumph.

..........#...## #.##
........#......###..##
........##...........#
....................##
...................##
...................#
.........††#.......#
####....@..#.......#
##....@.#......###
#...##.###....##
##.....####...#
##.....<....###
#.....##.....#
####..##....##
##########


You could see Rupert (berserk, blind).

Vanquished Creatures
  A fire dragon (D:11)
  Josephine (D:11)
  Harold (D:11)
  A centaur warrior (D:11)
  A two-headed ogre (D:10)
  A sun demon (D:10)
  Sonja (D:11)
  A soul eater (D:9)
  4 orc knights
  An ugly thing (D:11)
  A cyclops (D:11)
  A manticore (D:11)
  4 rust devils
  An orange demon (D:10)
  An unseen horror (D:10)
  A troll (Orc:1)
  Grinder (D:3)
  A hornet (D:10)
  A water elemental (D:10)
  A vampire (D:10)
  6 wraiths (D:11)
  25 yaks
  A wyvern (D:8)
  2 shadows
  A chaos spawn (D:10)
  A steam dragon (D:8)
  4 vampire mosquitoes
  A warg (Orc:1)
  An acid dragon (D:11)
  2 water moccasins
  38 orc warriors
  An ice beast (D:7)
  A sky beast (D:8)
  2 black bears
  10 centaurs
  12 ogres
  2 wolves (D:9)
  A phantom (D:5)
  2 kobold brigands (D:8)
  5 bullfrogs
  3 scorpions
  15 wights
  A howler monkey (D:8)
  2 jellies
  A quasit (D:10)
  3 gnoll boudas
  8 orc priests
  An iguana (D:4)
  3 hounds
  Ijyb (D:5)
  10 orc wizards
  16 gnolls
  9 adders
  A shadow imp (D:7)
  3 white imps
  5 ufetubi
  3 dart slugs
  64 orcs
  4 endoplasms
  2 giant cockroaches
  7 hobgoblins
  15 kobolds
  3 quokkas
  4 ball pythons
  3 bats
  4 frilled lizards
  5 goblins
  4 rats
344 creatures vanquished.

Vanquished Creatures (collateral kills)
  A centaur warrior (D:9)
  Lodul (D:11)
  2 orc warriors
  3 ogres (D:11)
  A gnoll sergeant (D:9)
  3 gnolls (D:9)
  2 orcs (D:9)
13 creatures vanquished.

Vanquished Creatures (others)
  An orc (D:11)
1 creature vanquished.

Grand Total: 358 creatures vanquished

Notes
Turn   | Place    | Note
-------+----------+-------------------------------------------
     0 | D:1      | bmb222 the Minotaur Gladiator began the quest for the Orb.
     0 | D:1      | Reached XP level 1. HP: 18/18 MP: 0/0
   153 | D:1      | Reached XP level 2. HP: 25/25 MP: 1/1
   291 | D:1      | Reached skill level 4 in Polearms
   740 | D:2      | Found a burning altar of Makhleb.
   791 | D:2      | Reached XP level 3. HP: 26/30 MP: 2/2
   831 | D:2      | Found Quipp's Book Emporium.
   929 | D:2      | Reached skill level 1 in Axes
  1313 | D:3      | Found a faded altar of an unknown god.
  1382 | D:3      | Reached XP level 4. HP: 26/37 MP: 3/3
  1383 | D:3      | Reached skill level 5 in Polearms
  1402 | D:3      | Reached skill level 1 in Armour
  1603 | D:3      | Noticed Grinder
  1626 | D:3      | Paralysed by Grinder for 4 turns
  1643 | D:3      | Killed Grinder
  1644 | D:3      | Reached skill level 6 in Polearms
  1644 | D:3      | Reached XP level 5. HP: 29/45 MP: 4/4
  1644 | D:3      | Reached XP level 6. HP: 32/51 MP: 5/5
  1799 | D:3      | Found a sparkling altar of Nemelex Xobeh.
  2218 | D:4      | Found the +7 Throatcutter {drain, coup de grace}
  2420 | D:4      | Found a glowing golden altar of the Shining One.
  2464 | D:4      | Became a worshipper of the Shining One
  2739 | D:5      | Entered Level 5 of the Dungeon
  2757 | D:4      | Reached XP level 7. HP: 57/58 MP: 6/6
  2783 | D:5      | Reached skill level 7 in Polearms
  3277 | D:5      | Reached skill level 5 in Armour
  3311 | D:5      | Noticed Ijyb
  3324 | D:5      | Killed Ijyb
  3463 | D:5      | You fall into a shaft and drop 1 floor!
  3624 | D:6      | Reached XP level 8. HP: 67/67 MP: 7/7
  3747 | D:6      | Reached skill level 8 in Polearms
  3995 | D:6      | Reached * piety under the Shining One
  4046 | D:6      | Reached skill level 5 in Axes
  4279 | D:6      | Reached skill level 9 in Polearms
  4500 | D:7      | Reached skill level 5 in Fighting
  4697 | D:7      | Found a shimmering altar of Xom.
  4708 | D:7      | Found a bloodstained altar of Trog.
  4799 | D:7      | Found a broken altar of Ashenzari.
  4856 | D:7      | Found a staircase to the Ecumenical Temple.
  4861 | D:7      | Reached XP level 9. HP: 66/74 MP: 8/8
  4866 | D:7      | Reached ** piety under the Shining One
  5069 | D:7      | Reached skill level 10 in Polearms
  6670 | D:9      | Found a staircase to the Lair.
  6678 | D:9      | Found a staircase to the Orcish Mines.
  6686 | D:9      | Reached skill level 11 in Polearms
  6732 | D:9      | Reached *** piety under the Shining One
  7288 | D:9      | Reached XP level 10. HP: 73/84 MP: 9/9
  7444 | D:9      | Noticed a centaur warrior
  7490 | D:9      | Killed a centaur warrior
  7491 | D:9      | Reached skill level 1 in Invocations
  8952 | D:10     | Entered Level 10 of the Dungeon
  9026 | D:10     | Reached skill level 10 in Armour
  9119 | D:10     | Reached skill level 1 in Shields
  9122 | D:10     | Noticed a rust devil
  9123 | D:10     | Noticed an orange demon
  9124 | D:10     | Noticed a sun demon
  9124 | D:10     | Noticed a rust devil
  9170 | D:10     | Reached skill level 12 in Polearms
  9586 | D:10     | Noticed a soul eater
  9587 | D:10     | Noticed a rust devil
  9611 | D:9      | Killed a soul eater
  9817 | Orc:1    | Entered Level 1 of the Orcish Mines
 10322 | Orc:2    | Entered Level 2 of the Orcish Mines
 10507 | Orc:2    | Found Lenaon's Assorted Antiques.
 10690 | Orc:2    | Noticed an orc knight
 10964 | Orc:1    | Gained mutation: You have hidden genetic defects. [potion
                  | of mutation]
 10964 | Orc:1    | Gained mutation: You have sharp fingernails. [potion of
                  | mutation]
 11282 | Orc:1    | Lost mutation: You have sharp fingernails. [potion of
                  | mutation]
 11282 | Orc:1    | Lost mutation: You have hidden genetic defects. [potion of
                  | mutation]
 11282 | Orc:1    | Gained mutation: You are frail. (-10% HP) [potion of
                  | mutation]
 11282 | Orc:1    | Gained mutation: You occasionally shout uncontrollably at
                  | your foes. [potion of mutation]
 11282 | Orc:1    | Gained mutation: Your flesh is heat resistant. (rF+)
                  | [potion of mutation]
 11282 | Orc:1    | Gained mutation: You have sharp toenails. [potion of
                  | mutation]
 11581 | Orc:1    | Reached skill level 1 in Evocations
 11784 | Orc:2    | Reached XP level 11. HP: 68/85 MP: 10/12
 12063 | Orc:2    | Killed an orc knight
 12212 | Orc:2    | Noticed an orc knight
 12319 | Orc:1    | Killed an orc knight
 12945 | Orc:2    | Noticed an orc knight
 12955 | Orc:2    | Reached **** piety under the Shining One
 12956 | Orc:2    | Reached skill level 5 in Shields
 12984 | Orc:2    | Killed an orc knight
 13084 | Orc:2    | Noticed an orc knight
 13130 | Orc:2    | Killed an orc knight
 13131 | Orc:2    | Reached skill level 13 in Polearms
 14624 | Orc:2    | Found a staircase to the Elven Halls.
 14772 | Orc:2    | Found Nufeym's Assorted Antiques.
 14772 | Orc:2    | Found Icicaeno's Distillery.
 14774 | Orc:2    | Found Neivia's Jewellery Emporium.
 14776 | Orc:2    | Found Vydimug's Distillery.
 14838 | Orc:2    | Bought a pair of steaming gloves for 275 gold pieces
 14838 | Orc:2    | Identified the +1 pair of gloves of Geluod {Rampage Int+3}
                  | (You bought it in a shop on level 2 of the Orcish Mines)
 14849 | Orc:2    | Bought a potion of heal wounds for 70 gold pieces
 14849 | Orc:2    | Bought a potion of heal wounds for 70 gold pieces
 14853 | Orc:2    | Bought a potion of might for 56 gold pieces
 14938 | Lair:1   | Entered Level 1 of the Lair of Beasts
 15658 | D:10     | Killed a sun demon
 15740 | D:10     | Reached skill level 10 in Fighting
 15916 | D:10     | Reached XP level 12. HP: 82/95 MP: 14/14
 16612 | D:11     | Noticed Sonja
 16613 | D:11     | Noticed a two-headed ogre
 16626 | D:10     | Found a portal to a secret trove of treasure.
 16639 | D:10     | Killed a two-headed ogre
 17564 | D:11     | Killed Sonja
 17586 | D:11     | Noticed Josephine
 17617 | D:11     | Reached skill level 5 in Invocations
 17625 | D:11     | Killed Josephine
 17788 | D:11     | Noticed Harold
 17788 | D:11     | Reached ***** piety under the Shining One
 17806 | D:11     | Killed Harold
 17838 | D:11     | Noticed Lodul
 17838 | D:11     | Noticed a fire dragon
 17940 | D:11     | Killed a fire dragon
 17941 | D:11     | Reached skill level 10 in Shields
 17955 | D:11     | Reached skill level 14 in Polearms
 18018 | D:11     | Killed Lodul
 18345 | D:11     | Noticed a centaur warrior
 18356 | D:11     | Killed a centaur warrior
 18746 | D:11     | Identified the +2 leather armour of Qiekiwit {rElec rPois
                  | Str+3}
 18928 | D:11     | Found a white marble altar of Elyvilon.
 19045 | D:12     | Reached XP level 13. HP: 105/105 MP: 16/16
 19073 | D:12     | Noticed Rupert
 19105 | D:12     | Demolished by Rupert

Illustrated notes

Levels and vault maps discovered:
D:1:      minmay_arrival_nine_rooms, layout_rooms, minivault_25,
          patterned_corridor
D:2:      layout_rooms, basic_altar, serial_shops, shop
D:3:      layout_rooms, nemelex_spade_bored_becter,
          shapermc_ecumenical_altar_mp_highgroup, uniq_grinder
D:4:      layout_loops_cross, old_standard_altar, kennysheep_generic_room_15
D:5:      layout_basic, serial_bayou, serial_bayou_pond_e, serial_bayou_pond_d,
          serial_bayou_pond_b, serial_bayou_crossing, uniq_ijyb
D:6:      layout_basic
D:7:      layout_basic, lemuel_crystal_altar, minitemple,
          minmay_temple_entry_junction
D:8:      layout_rooms, eino_small_chamber_without_monster,
          chequers_serial_rivers_room_a
D:9:      layout_cave_pods, dpeg_oklobed_lair, david_orc_5
D:10:     layout_grid_maze, serial_demonic, serial_demonic_g, serial_demonic_f,
          serial_demonic_d, serial_demonic_f, enter_trove_0
D:11:     argonaut_augean_stables, layout_rooms, minmay_ruined_shrine,
          uniq_lodul, uniq_harold, uniq_sonja, uniq_josephine
D:12:     layout_cave_pools, uniq_nessos, uniq_rupert
Lair:1:   statuecave_lemuel, layout_cave_pods
Orc:1:    layout_diamond_mine, mainiacjoe_minedec_watcher_in_the_water,
          mines2_david
Orc:2:    st_orc_rangers, layout_diamond_mine, serial_shops, shop, basic_altar

Skill      XL: |  1  2  3  4  5  6  7  8  9 10 11 12 |
---------------+-------------------------------------+-----
Polearms       | 4 6 7 9 11 12 13 14 | 14.3
Axes           | 1 2 3 4 5 6 |  6.6
Armour         | 3 4 5 7 9 10 11 | 11.1
Fighting       | 3 4 5 6 8 10 11 | 11.9
Invocations    | 2 4 5 |  5.9
Shields        | 3 8 10 | 10.5
Evocations     | 1 3 4 |  4.8
Throwing       | |  2.0
Dodging        | |  3.9

Action                     |  1- 3 |  4- 6 |  7- 9 | 10-12 | 13-15 || total
---------------------------+-------+-------+-------+-------+-------++-------
  Melee: Trident           |    90 |   107 |   315 |       |       ||   512
         Headbutt          |     5 |    15 |    86 |   274 |     7 ||   387
         Punch             |     1 |     1 |     1 |     1 |       ||     4
         Spear             |       |       |    77 |  1026 |    13 ||  1116
         Kick              |       |       |       |   309 |    10 ||   319
 Invoke: Divine Shield     |       |       |       |     3 |       ||     3
         Cleansing Flame   |       |       |       |     3 |       ||     3
  Evoke: Wand              |       |       |       |    35 |     2 ||    37
    Use: Potion            |       |       |     1 |    14 |     1 ||    16
         Scroll            |       |       |       |    29 |       ||    29
 Armour: Leather armour    |    13 |       |       |       |       ||    13
         Ring mail         |     8 |       |       |       |       ||     8
         Chain mail        |    20 |    73 |   227 |   427 |     8 ||   755
  Dodge: Dodged            |    41 |    38 |   126 |   312 |     5 ||   522
  Block: Kite shield       |       |       |       |   355 |     3 ||   358

Table legend: (Time is in decaauts)
 A = Elapsed time spent in this place.
 B = Non-inter-level travel time spent in this place.
 C = Inter-level travel time spent in this place.
 D = Time resting spent in this place.
 E = Time spent auto-exploring this place.
 F = Levels seen in this place.
 G = Mean time per level.
                   A        B        C        D        E       F      G
               +--------+--------+--------+--------+--------+-----+--------+
         Total |  18658 |  17875 |    783 |   7133 |   7586 |  15 | 1243.9 |
       Dungeon |  13813 |  13120 |    693 |   4137 |   6715 |  12 | 1151.1 |
          Lair |      4 |      4 |      0 |      0 |      0 |   1 |    4.0 |
  Orcish Mines |   4839 |   4749 |     90 |   2995 |    871 |   2 | 2419.5 |
               +--------+--------+--------+--------+--------+-----+--------+

Top non-repeatable levels by time:
     D:9: 3272 daAuts
   Orc:2: 2585 daAuts
   Orc:1: 2254 daAuts
    D:10: 2208 daAuts
    D:11: 1471 daAuts
     D:7: 1225 daAuts
     D:8: 1137 daAuts
     D:6: 957 daAuts
     D:4: 785 daAuts
     D:3: 750 daAuts
     D:5: 696 daAuts
     D:1: 687 daAuts
     D:2: 548 daAuts
    D:12: 72 daAuts
  Lair:1: 4 daAuts
